Description

This build order is an all-in for PvT.

It works on a really strong timing (before 6min) when the terran doesn't have all his tech and (if he is going mech) have not enough unit to hold a full surround.

Pros :

  • Strong against mech
  • Strong against fast third
  • Strong against 1/1/1 opening

Cons :

  • Weak against 2-base all-in
  • Weak against mines oriented build order

Notes :

  • You can open with a gate expand or a zealot / stalker expand
  • If you lose many drones against an early harass : Play this build order with only 5 gates
  • Keep your gas for liberators if you play against them. If not : Make more sentries during the fight
  • Don't forget the observer: It's important if the opponent sees your timing
  • Split your gates if you can

VOD

https://youtu.be/Q_fH--d_CuM

Replay - jimtoni v llllllllllll - Para-cité EC

Build Order

Get SALT Encoding   

  12  0:00  Probe  
  13  0:13  Probe  
  14  0:17  Pylon  
  14  0:21  Probe  
  15  0:31  Probe  
  16  0:38  Gateway  
  16  0:41  Probe  
  17  0:50  Assimilator  
  17  0:53  Probe  
  18  1:05  Pylon, Probe  
  19  1:17  Probe  
  22  1:35  Probe  
  22  1:36  Cybernetics Core  
  23  1:46  Nexus  
  21  1:49  Probe  
  22  1:58  Assimilator  
  23  2:06  Pylon  
  23  2:07  Stalker  
  24  2:18  Warp Gate  
  26  2:37  Stalker  
  29  2:50  Robotics Facility  
  32  3:10  Stalker  
  35  3:17  Pylon  
  37  3:32  Immortal  
  37  3:36  Twilight Council  
  43  3:55  Shield Battery  
  43  3:57  Sentry  
  47  4:03  Immortal  
  47  4:04  Charge  
  47  4:08  Pylon  
  52  4:25  Gateway  
  52  4:31  Gateway  
  52  4:39  Gateway  
  52  4:43  Warp Prism  
  54  4:45  Sentry  
  54  4:50  Gateway  
  56  4:57  Gateway  
  56  5:06  Gateway x2  
  56  5:11  Sentry  
  58  5:14  Gateway  
  58  5:21  Zealot x2  
  62  5:34  Zealot  
  64  5:52  Zealot x3  
  70  5:59  Zealot x4  
  80  6:31  Stalker x3  
  76  6:40  Stalker x3  
Spawning Tool Build Advisor. Get it on Overwolf

Go to:

Details

  • Created by: zuka      
  • Published on: Dec 15, 2018
  • Patch: 4.7.1
Show
View Real Time Build Order
Export as new Build Order

Comments (0)

There are no comments. Be the first!

Create an account to comment!